 Dungeon Crawl Stone Soup version 0.30.0-19-g36f170ea60 (webtiles) character file.

Game seed: 10172071698361894855

32865 gelatine the Blocker (level 13, -5/98 HPs)
             Began as a Demonspawn Fighter on May 28, 2023.
             Was an Initiate of Jiyva.
             Drowned by a drowned soul (16 damage)
             ... summoned by a merfolk avatar
             ... on level 5 of the Lair of Beasts.
             The game lasted 00:50:29 (15245 turns).

gelatine the Blocker (Demonspawn Fighter)          Turns: 15245, Time: 00:50:30

Health: -5/98      AC: 13    Str: 22    XL:     13   Next: 33%
Magic:  19/19      EV: 22    Int: 15    God:    Jiyva [......]
Gold:   1126       SH: 18    Dex: 30    Spells: 20/20 levels left

rFire   . . .        F - +3 hand axe "Poretoen" {freeze, Str+3 Int+3 Dex+9 Stlth-}
rCold   . . .        u - +0 kite shield
rNeg    + . .        j - +4 ring mail "Hacosag" {rPois rN+ rCorr Int+2}
rPois   +            I - +0 helmet
rElec   .            D - scarf {+Inv}
rCorr   +            (no gloves)
SInv    .            i - +0 pair of boots
Will    .....        c - amulet of regeneration
Stlth   +            y - +6 ring of dexterity
HPRegen 1.16/turn    a - +5 ring of evasion
MPRegen 0.32/turn

%: no passive effects
@: mesmerised, unable to drink, very slow
A: claws 2, large bone plates 1, spiny 2, magic regeneration, subdued magic 1,
inability to drink after injury 1, noise suppression
a: Renounce Religion, Evoke Invisibility


You were on level 5 of the Lair of Beasts.
You worshipped Jiyva.
Jiyva was noncommittal.
You visited 3 branches of the dungeon, and saw 15 of its levels.

You collected 1126 gold pieces.

Inventory:

Hand Weapons
 h - the +3 short sword of Devotion {drain, Fly rElec rPois}
   (You found it on level 5 of the Dungeon)

   rElec:     It insulates you from electricity.
   rPois:     It protects you from poison.
   Fly:       It grants you flight.
 F - the +3 hand axe "Poretoen" (weapon) {freeze, Str+3 Int+3 Dex+9 Stlth-}
   (You found it on level 3 of the Lair of Beasts)

   Str:       It affects your strength (+3).
   Int:       It affects your intelligence (+3).
   Dex:       It affects your dexterity (+9).
   Stlth:     It makes you less stealthy.
 K - a +2 war axe of flaming
 N - the +6 glaive of the Reaper {speed, Dex+2}
   (You found it on level 4 of the Lair of Beasts)

   Dex:       It affects your dexterity (+2).
Missiles
 z - 12 poisoned darts (quivered)
Armour
 i - a +0 pair of boots (worn)
 j - the +4 ring mail "Hacosag" (worn) {rPois rN+ rCorr Int+2}
   (You found it on level 5 of the Dungeon)

   Int:       It affects your intelligence (+2).
   rPois:     It protects you from poison.
   rN:        It protects you from negative energy.
   rCorr:     It protects you from acid and corrosion.
 k - a +0 pair of gloves
 u - a +0 kite shield (worn)
 D - a scarf of invisibility (worn)
 I - a +0 helmet (worn)
 L - a +3 leather armour
Jewellery
 a - a +5 ring of evasion (right claw)
 c - an amulet of regeneration (around neck)
 g - a ring of resist corrosion
 m - a ring of positive energy
 y - a +6 ring of dexterity (left claw)
Wands
 l - a wand of polymorph (10)
 J - a wand of iceblast (7)
Scrolls
 e - 2 scrolls of fog
 f - 2 scrolls of immolation
 o - 10 scrolls of teleportation
 r - 4 scrolls of identify
 t - 3 scrolls of magic mapping
 v - a scroll of acquirement {unknown}
 x - 3 scrolls of vulnerability {unknown}
 A - a scroll of amnesia {unknown}
 B - 2 scrolls of enchant weapon
 G - 3 scrolls of enchant armour {unknown}
Potions
 b - a potion of haste
 d - 3 potions of resistance
 n - 2 potions of flight
 s - a potion of invisibility
 w - 5 potions of curing
 C - 2 potions of brilliance
 H - a potion of magic
 M - a potion of ambrosia {unknown}
 O - a potion of might
 P - a potion of heal wounds
Miscellaneous
 p - a box of beasts


   Skills:
 * Level 8.2 Fighting
 + Level 6.9 Short Blades
 * Level 4.1(5.6) Axes
 + Level 5.7(6.4) Maces & Flails
 + Level 7.6 Throwing
 * Level 7.8 Armour
 * Level 6.9 Dodging
 + Level 5.1 Stealth
 * Level 9.7 Shields
 + Level 4.2 Spellcasting
 + Level 6.4 Evocations


You had 20 spell levels left.
You didn't know any spells.
Your spell library contained the following spells:

 Spells                   Type           Power      Damage    Failure   Level
 Foxfire                  Conj/Fire      8%         2x1d4     41%         1
 Kiss of Death            Conj/Necr      8%         2d6       41%         1
 Ensorcelled Hibernation  Hex/Ice        4%         N/A       54%         2
 Passwall                 Tmut/Erth      1%         N/A       54%         2
 Call Canine Familiar     Summ           2%         N/A       80%         3
 Confusing Touch          Hex            2%         N/A       80%         3
 Hailstorm                Conj/Ice       2%         3d3       80%         3
 Ozocubu's Armour         Ice            2%         N/A       80%         3
 Portal Projectile        Hex/Tloc       4%         N/A       80%         3
 Swiftness                Air            2%         N/A       80%         3
 Vhi's Electric Charge    Tloc/Air       4%         N/A       80%         3
 Volatile Blastmotes      Fire/Tloc      4%         2d10      80%         3
 Animate Dead             Necr           2%         N/A       99%         4
 Dispel Undead            Necr           2%         3d7       99%         4
 Fulminant Prism          Conj/Hex       1%         3d5       99%         4
 Ice Form                 Ice/Tmut       2%         N/A       99%         4
 Iskenderun's Mystic Bla  Conj/Tloc      2%         2d3       99%         4
 Leda's Liquefaction      Hex/Erth       1%         N/A       99%         4
 Arcjolt                  Conj/Air       1%         1d11      100%        5
 Borgnjor's Vile Clutch   Necr/Erth      1%         N/A       100%        5
 Fireball                 Conj/Fire      1%         3d3       100%        5
 Lee's Rapid Deconstruct  Erth           1%         3d4*      100%        5
 Death Channel            Necr           1%         N/A       100%        6
 Plasma Beam              Fire/Air       1%         2x1d12    100%        6
 Simulacrum               Ice/Necr       1%         N/A       100%        6
 Ozocubu's Refrigeration  Ice            1%         4d7       100%        7


Dungeon Overview and Level Annotations

Branches:
Dungeon (9/15)             Temple (1/1) D:7            Lair (5/5) D:9
  Swamp (0/4) Lair:2       Spider (0/4) Lair:3        Slime (0/5) Lair:4
    Orc: D:9-12

Altars:
Ashenzari
Cheibriados
Dithmenos
Fedhas
Gozag
Hepliaklqana
Kikubaaqudgha
Nemelex Xobeh
Okawaru
Qazlal
Ru
Sif Muna
Trog
Uskayaw
Vehumet
Wu Jian
Xom
Yredelemnul
Jiyva

Annotations:
D:9 4 runed translucent doors
Lair:1 1 runed translucent door


Innate Abilities, Weirdness & Mutations

You have very sharp fingernails.
You are partially covered in large bone plates. (SH +4)
You are mostly covered in sharp spines.
You regenerate magic rapidly.
Your spells are a little easier to cast, but a little less powerful.
You occasionally lose the ability to drink potions when taking damage.
You passively dampen the noise of your surroundings.


Message History

Your unstable footing causes you to fumble your attack.
A cane toad comes into view.
The drowned soul touches you. The drowned soul drowns you!
You slash the merfolk avatar! You freeze the merfolk avatar.
The merfolk avatar is moderately wounded.
You hit the drowned soul. The drowned soul touches you.
The drowned soul drowns you!
The merfolk avatar chants its luring song.
You hit the merfolk avatar. You freeze the merfolk avatar.
The merfolk avatar is moderately wounded.
You slash the drowned soul! You hit the drowned soul.
You block the drowned soul's attack.
The drowned soul is struck by your spines.
The drowned soul touches you. The drowned soul drowns you!
The drowned soul is struck by your spines.
The drowned soul touches you. The drowned soul drowns you!
You feel threatened and lose the ability to drink potions!
You hit the merfolk avatar. You freeze the merfolk avatar.
The merfolk avatar is moderately wounded.
You hit the drowned soul. You block the drowned soul's attack.
You block the cane toad's attack.
Unknown command.
You open the door.
The drowned soul is struck by your spines.
The drowned soul touches you. The drowned soul drowns you!
* * * LOW HITPOINT WARNING * * *
The drowned soul touches you. The drowned soul drowns you!
* * * LOW HITPOINT WARNING * * *
The cane toad stings you but does no damage.
The merfolk avatar chants its luring song.
Read: scroll of fear
Press: ? - help, Q - select action, (/) - cycle Dir - look around, f - activate Look: a merfolk avatar (moderately wounded, mesmerising, poisoned, slow, chance to affect: 29%)
As you read the scroll of fear, it crumbles to dust.
You assume a fearsome visage.
The drowned soul is unaffected. x2
The merfolk avatar resists with almost no effort.
The cane toad looks frightened!
The basilisk looks frightened!
The drowned soul touches you. The drowned soul drowns you!
You die...

,,....~~~~#*~**~~~~,*~**~~~~,,,,,
,,....#~~~#~~~.~P~~~~~.#~~**~,*,,
,,....~#~~#~#~#~~.~#~#~#~~**,,***
,,...~~.~~#.~~~~.~~~~~~,~~~~,,***
,,#..~~~~~##~##~~~~#.###~~~~,,,,,
**#..~##~~.⌠P~~~l~~~(.⌠#~~*~~,,,,
* ##~.##~~#~~~~~~~(~~~~*~~~*,,,,,
#..~~~~~#..~##'m~#~~~*~,~~~,,,,
###.~~..#~#~#$@[F#~,~~~~~~,,,,,
###..#~..~#.~~?≈≈!#~~~~~*~~,,,,,
#....#~~~~~~~#$≈W/#~~***~~~~,***
##..~~~~.~~P~#$!)$~~~,~~~~~,,,**
#....~~P~#.#~##~###~.~*~,~~,,,,*
#...†##~~~~~~8~~.~8~.~#~~**~,,*,
##...~#~~#⌠~~~~~~~~~~⌠~~~**,,,,*
##...†~~~.##########**##~~~~,,,,,
###.†.~~~~#8~~~~~~~~~~~*~~~~,,,,*


You could see a merfolk avatar (mesmerising, poisoned, slow), a cane toad
(fleeing), a basilisk (fleeing) and a drowned soul (summoned).

Vanquished Creatures
  4 hydras
  A ghost crab (Lair:2)
  3 two-headed ogres
  A boulder beetle (Lair:4)
  2 lindwurms
  An ugly thing (D:9)
  A cyclops (D:9)
  A wolf spider (Lair:3)
  6 elephants
  3 black mambas
  10 cane toads
  3 kobold demonologists
  3 rime drakes
  7 komodo dragons
  A polar bear (Lair:2)
  A hornet (D:7)
  15 blink frogs
  A snapping turtle (Lair:5)
  4 dream sheep (Lair:4)
  2 slime creatures (D:9)
  A spectral black mamba (Lair:2)
  A wraith (D:7)
  10 yaks
  A shadow (D:9)
  3 wyverns
  A human (Lair:1)
  6 basilisks
  A spectral komodo dragon (Lair:2)
  3 steam dragons
  A spectral cane toad (Lair:2)
  A spectral yak (Lair:2)
  Duvessa (D:6)
  11 water moccasins
  An orc warrior (D:9)
  2 sky beasts
  2 ice beasts
  A black bear (D:6)
  An ogre (D:6)
  15 wolves
  5 centaurs
  4 phantoms
  A spectral basilisk (Lair:2)
  6 kobold brigands
  3 gnoll sergeants
  6 bullfrogs
  A scorpion (D:6)
  3 wights (D:9)
  Dowan (D:6)
  2 killer bees (D:9)
  A howler monkey (D:6)
  3 hounds
  2 jellies (D:6)
  5 orc priests
  A gnoll bouda (D:9)
  3 sleepcaps
  4 iguanas
  6 orc wizards
  14 gnolls
  9 adders
  A shadow imp (D:8)
  A white imp (D:7)
  3 ufetubi
  2 worms
  4 dart slugs
  24 orcs
  7 endoplasms
  5 giant cockroaches
  10 hobgoblins
  23 kobolds
  3 quokkas
  7 ball pythons
  5 bats
  3 frilled lizards
  5 goblins
  5 rats
321 creatures vanquished.

Vanquished Creatures (others)
  7 jellies (Lair:5)
7 creatures vanquished.

Grand Total: 328 creatures vanquished

Notes
Turn   | Place    | Note
-------+----------+-------------------------------------------
     0 | D:1      | gelatine the Demonspawn Fighter began the quest for the
                  | Orb.
     0 | D:1      | Reached XP level 1. HP: 18/18 MP: 1/1
   137 | D:1      | Gained mutation: You have sharp fingernails. [demonic
                  | ancestry]
   137 | D:1      | Reached XP level 2. HP: 24/24 MP: 2/2
   882 | D:2      | Reached XP level 3. HP: 29/29 MP: 3/3
  1073 | D:2      | Reached skill level 3 in Shields
  1443 | D:2      | Reached skill level 1 in Dodging
  1443 | D:2      | Reached XP level 4. HP: 35/35 MP: 4/4
  1846 | D:3      | Found an ornate altar of the Wu Jian Council.
  1912 | D:3      | Found a broken altar of Ashenzari.
  1992 | D:3      | Noticed an ice beast
  2004 | D:3      | Killed an ice beast
  2005 | D:3      | Gained mutation: You regenerate magic rapidly. [demonic
                  | ancestry]
  2005 | D:3      | Reached XP level 5. HP: 32/41 MP: 5/5
  2284 | D:3      | Found a faded altar of an unknown god.
  2754 | D:4      | Noticed a sky beast
  2783 | D:4      | Killed a sky beast
  2784 | D:4      | Reached XP level 6. HP: 42/47 MP: 6/6
  3376 | D:4      | Reached XP level 7. HP: 51/53 MP: 7/7
  3616 | D:5      | Entered Level 5 of the Dungeon
  3634 | D:5      | Reached skill level 5 in Maces & Flails
  3836 | D:5      | Identified the +3 short sword of Devotion {drain, Fly rElec
                  | rPois}
  3894 | D:5      | Identified the +4 ring mail "Hacosag" {rPois rN+ rCorr
                  | Int+2}
  4330 | D:6      | Reached skill level 1 in Short Blades
  4330 | D:6      | Reached skill level 1 in Stealth
  4447 | D:6      | Noticed Duvessa
  4448 | D:6      | Noticed Dowan
  4466 | D:6      | Killed Duvessa
  4467 | D:6      | Reached skill level 1 in Throwing
  4467 | D:6      | Reached skill level 1 in Spellcasting
  4467 | D:6      | Reached skill level 1 in Evocations
  4467 | D:6      | Gained mutation: You are partially covered in large bone
                  | plates. (SH +4) [demonic ancestry]
  4467 | D:6      | Reached XP level 8. HP: 46/61 MP: 9/9
  4481 | D:6      | Killed Dowan
  4908 | D:6      | Reached skill level 4 in Shields
  5300 | D:6      | Found a shimmering altar of Xom.
  5566 | D:7      | Found a stormy altar of Qazlal.
  5570 | D:7      | Found a staircase to the Ecumenical Temple.
  5578 | Temple   | Entered the Ecumenical Temple
  5702 | D:7      | Reached skill level 5 in Armour
  5702 | D:7      | Reached skill level 5 in Shields
  5702 | D:7      | Reached XP level 9. HP: 17/69 MP: 10/14
  5956 | D:7      | Reached XP level 10. HP: 44/76 MP: 15/15
  6068 | D:7      | Found a sparkling altar of Nemelex Xobeh.
  6852 | D:8      | Noticed a two-headed ogre
  6887 | D:8      | Reached skill level 5 in Short Blades
  6978 | D:8      | Noticed a two-headed ogre
  7330 | D:8      | Found an opulent altar of Gozag.
  7386 | D:8      | Killed a two-headed ogre
  7387 | D:8      | Reached skill level 6 in Shields
  7731 | D:8      | Killed a two-headed ogre
  7732 | D:8      | Reached skill level 5 in Dodging
  7818 | D:8      | Gained mutation: You sometimes lose your temper in combat.
                  | [a neqoxec]
  7820 | D:8      | Noticed a soul eater
  7829 | D:8      | Gained mutation: Your body sometimes deteriorates upon
                  | taking damage. [a neqoxec]
  7850 | D:8      | Noticed a smoke demon
  8167 | D:9      | Lost mutation: You sometimes lose your temper in combat.
                  | [potion of mutation]
  8167 | D:9      | Lost mutation: Your body sometimes deteriorates upon taking
                  | damage. [potion of mutation]
  8167 | D:9      | Gained mutation: You are clumsy. (Dex -2) [potion of
                  | mutation]
  8167 | D:9      | Gained mutation: You have a pair of small antennae on your
                  | head. [potion of mutation]
  8167 | D:9      | Gained mutation: You are robust. (+10% HP) [potion of
                  | mutation]
  8168 | D:9      | Lost mutation: You are clumsy. (Dex -2) [potion of
                  | mutation]
  8168 | D:9      | Lost mutation: You are robust. (+10% HP) [potion of
                  | mutation]
  8168 | D:9      | Gained mutation: You have a pair of antennae on your head.
                  | [potion of mutation]
  8168 | D:9      | Gained mutation: You are dopey. (Int -2) [potion of
                  | mutation]
  8168 | D:9      | Gained mutation: You have a pair of large antennae on your
                  | head. (SInv) [potion of mutation]
  8282 | D:9      | Found a large runed translucent door.
  8296 | D:9      | Found a staircase to the Lair.
  8355 | D:9      | Reached skill level 5 in Evocations
  8376 | D:9      | Noticed a two-headed ogre
  8556 | D:9      | Got Telo's Tome of the Fey Pyre
  8589 | D:9      | Found a sacrificial altar of Ru.
  8695 | D:9      | Gained mutation: You are partially covered in sharp spines.
                  | [demonic ancestry]
  8695 | D:9      | Reached XP level 11. HP: 77/83 MP: 17/17
  8773 | D:9      | Found a large runed translucent door.
  8781 | D:9      | Found a large runed translucent door.
  8781 | D:9      | Found a large runed translucent door.
  8783 | D:9      | Identified the staff of poison "Plog" {rPois rC- Will+
                  | rCorr Int+4}
  8784 | D:9      | Noticed a seven-headed hydra
  8800 | D:9      | Killed a two-headed ogre
  8851 | D:9      | Lost mutation: You have a pair of large antennae on your
                  | head. (SInv) [potion of mutation]
  8851 | D:9      | Lost mutation: You have a pair of antennae on your head.
                  | [potion of mutation]
  8851 | D:9      | Lost mutation: You are dopey. (Int -2) [potion of mutation]
  8851 | D:9      | Gained mutation: You sometimes lose your temper in combat.
                  | [potion of mutation]
  8851 | D:9      | Gained mutation: You passively dampen the noise of your
                  | surroundings. [potion of mutation]
  8864 | D:9      | Reached skill level 5 in Throwing
  9284 | D:9      | Noticed a green ugly thing
  9307 | D:9      | Killed a green ugly thing
  9786 | D:9      | Lost mutation: You sometimes lose your temper in combat.
                  | [potion of mutation]
  9786 | D:9      | Lost mutation: You have a pair of small antennae on your
                  | head. [potion of mutation]
  9786 | D:9      | Gained mutation: Your spells are a little easier to cast,
                  | but a little less powerful. [potion of mutation]
  9786 | D:9      | Gained mutation: You occasionally lose the ability to drink
                  | potions when taking damage. [potion of mutation]
  9809 | Lair:1   | Entered Level 1 of the Lair of Beasts
  9980 | Lair:1   | Reached skill level 5 in Stealth
  9996 | Lair:1   | Reached skill level 7 in Shields
 10920 | Lair:1   | Found a runed translucent door.
 10921 | Lair:1   | Noticed a tentacled starspawn
 11429 | Lair:2   | Gained mutation: You have very sharp fingernails. [demonic
                  | ancestry]
 11429 | Lair:2   | Reached XP level 12. HP: 91/91 MP: 18/18
 11456 | Lair:2   | Noticed a five-headed hydra
 11472 | Lair:2   | Killed a five-headed hydra
 12354 | Lair:2   | Found a staircase to the Swamp.
 12354 | Lair:2   | Noticed a ghost crab
 12388 | Lair:2   | Killed a ghost crab
 12389 | Lair:2   | Reached skill level 8 in Shields
 12714 | Lair:3   | Noticed a four-headed hydra
 12727 | Lair:3   | Killed a four-headed hydra
 12898 | Lair:3   | Identified the +3 hand axe "Poretoen" {freeze, Str+3 Int+3
                  | Dex+9 Stlth-}
 12958 | Lair:3   | You fall into a shaft and drop 2 floors!
 12958 | Lair:5   | Entered Level 5 of the Lair of Beasts
 12958 | Lair:5   | Noticed a six-headed hydra
 13048 | Lair:3   | Noticed a four-headed hydra
 13063 | Lair:3   | Killed a one-headed hydra
 13064 | Lair:3   | Reached skill level 1 in Axes
 13064 | Lair:3   | Found a hole to the Spider Nest.
 13359 | Lair:3   | Reached skill level 9 in Shields
 14079 | Lair:4   | Identified the +6 glaive of the Reaper {speed, Dex+2}
 14248 | Lair:4   | Found a viscous altar of Jiyva.
 14250 | Lair:4   | Found a staircase to the Slime Pits.
 14291 | Lair:4   | Gained mutation: You are mostly covered in sharp spines.
                  | [demonic ancestry]
 14291 | Lair:4   | Reached XP level 13. HP: 89/98 MP: 19/19
 14810 | Lair:4   | Became a worshipper of Jiyva Jetynokk the Shapeless
 15245 | Lair:5   | Drowned by a drowned soul

Illustrated notes

Levels and vault maps discovered:
D:1:      dpeg_arrival_rooms_c, layout_loops_ring
D:2:      layout_basic
D:3:      layout_basic, mainiacjoe_overflow_paths, nzn_wu_jian_council_hall,
          dreamdust_ecumenical_altar_grove
D:4:      layout_loops_ring, good_gods_temple_1,
          minmay_fractal_squares_gapless_5
D:5:      layout_basic
D:6:      layout_basic, mainiacjoe_overflow_cross_hatched, uniq_duvessa
D:7:      layout_loops_ring, nemelex_spade_bored_becter,
          mainiacjoe_overflow_chevrons, minmay_temple_entry_trees
D:8:      layout_rooms, nicolae_gozag_cash_rules_everything_around_me
D:9:      layout_basic, mainiacjoe_overflow_six_doors_small, lair_entry_dummy,
          minmay_hollow_rounded_squares
Temple:   nicolae_temple_ecumenical_triangle
Lair:1:   layout_gridlike, pdpol_lair_cabin_in_the_woods
Lair:2:   layout_chaotic_city, nicolae_swamp_entry_spooky
Lair:3:   layout_cave_pods, spider_nest_entry_rubble, hibernation_bobbens
Lair:4:   layout_misc_corridors, dpeg_slime_entry_corner, serial_bayou_shore_b,
          grunt_megastairs_1
Lair:5:   gammafunk_lair_ancient_temple, layout_gridlike, basic_altar,
          serial_forest, infiniplex_forest_lined_room_,
          infiniplex_forest_straight_2, infiniplex_forest_clump_cross,
          infiniplex_forest_clump_medium, infiniplex_forest_corner_2,
          infiniplex_forest_lined_2

Skill      XL: |  1  2  3  4  5  6  7  8  9 10 11 12 13 |
---------------+----------------------------------------+-----
Maces & Flails | 2 3 4 5 |  5.7
Armour         | 3 4 5 6 7 |  7.8
Shields        | 3 5 6 7 9 |  9.7
Dodging        | 1 2 4 5 6 |  6.9
Fighting       | 4 6 7 8 |  8.2
Short Blades   | 1 4 5 6 |  6.9
Stealth        | 1 4 5 |  5.1
Throwing       | 1 3 4 6 7 |  7.6
Spellcasting   | 1 3 4 |  4.2
Evocations     | 1 4 5 6 |  6.4
Axes           | 2 4 |  4.1

Action                     |  1- 3 |  4- 6 |  7- 9 | 10-12 | 13-15 || total
---------------------------+-------+-------+-------+-------+-------++-------
  Melee: Flail             |   140 |   203 |    36 |       |       ||   379
         Short sword       |       |       |   316 |   779 |       ||  1095
         Hand axe          |       |       |       |   105 |    61 ||   166
         War axe           |       |       |       |    29 |    55 ||    84
  Throw: Boomerang         |       |       |    31 |   134 |       ||   165
         Dart              |       |       |       |   224 |    65 ||   289
         Throwing net      |       |       |       |     3 |       ||     3
Ability: Evoke Invisibilit |       |       |       |     1 |       ||     1
  Evoke: Wand              |       |       |       |     2 |       ||     2
         Box of beasts     |       |       |       |     1 |       ||     1
    Use: Potion            |       |     6 |     2 |     6 |       ||    14
         Scroll            |       |     2 |     8 |    10 |     1 ||    21
   Stab: Sleeping          |       |       |       |     4 |       ||     4
         Invisible         |       |       |       |     2 |       ||     2
         Held in net/web   |       |       |       |     1 |       ||     1
         Distracted        |       |       |       |     1 |       ||     1
 Armour: Scale mail        |    68 |    83 |    26 |       |       ||   177
         Skin              |       |     9 |       |       |       ||     9
         Ring mail         |       |       |    77 |   145 |    37 ||   259
  Dodge: Dodged            |    72 |   107 |   157 |   398 |    87 ||   821
  Block: Buckler           |    24 |    50 |   147 |    13 |       ||   234
         Kite shield       |       |       |       |   705 |   159 ||   864
